 Dungeon Crawl Stone Soup version 0.26-a0-651-gb41185065b (webtiles) character file.

Game seed: 4397698756512337489

108 kae the Ruffian (level 4, -13/38 HPs)
             Began as a Naga Transmuter on Oct 30, 2020.
             Killed from afar by a gnoll (34 damage)
             ... with an exploding inner flame
             ... hexed by the player character
             ... on level 2 of the Dungeon.
             The game lasted 00:01:29 (2679 turns).

kae the Ruffian (Naga Transmuter)                   Turns: 2679, Time: 00:01:29

Health: -13/38     AC:  2    Str: 13    XL:     4   Next: 87%
Magic:  7/7        EV: 10    Int: 13    God:
Gold:   41         SH:  0    Dex: 12    Spells: 3/7 levels left

rFire    . . .     SeeInvis +     - Unarmed
rCold    . . .     Faith    .   (no shield)
rNeg     . . .     Spirit   .   a - +0 robe
rPois    +         Reflect  .   (no helmet)
rElec    .         Harm     .   (no cloak)
rCorr    .         Rampage  .   (no gloves)
MR       .....                  (no barding)
Stlth    +.........             (no amulet)
HPRegen  0.12/turn              (no ring)
MPRegen  0.10/turn              (no ring)

@: short of breath, very slow
A: large, see invisible, deformed body, poison resistance, slowness 2, spit
poison 1, AC +1
a: Spit Poison


You were on level 2 of the Dungeon.
You visited 1 branch of the dungeon, and saw 2 of its levels.

You collected 41 gold pieces.

Inventory:

Armour
 a - a +0 robe (worn)
Scrolls
 c - 2 scrolls of remove curse {unknown}
 d - a scroll of blinking {unknown}
 e - 2 scrolls of identify {unknown}
 i - a scroll of fear {unknown}
 k - 2 scrolls of enchant armour {unknown}
Potions
 h - a potion of brilliance {unknown}
 j - a potion of might {unknown}


   Skills:
 - Level 1.0 Fighting
 - Level 1.5 Dodging
 + Level 3.7 Unarmed Combat
 - Level 2.0 Spellcasting
 * Level 3.7 Transmutations
 * Level 2.5 Poison Magic


You had 3 spell levels left.
You knew the following spells:

 Your Spells              Type           Power        Failure   Level
a - Beastly Appendage     Tmut           ##....       5%          1
b - Spider Form           Tmut/Pois      #.........   22%         3

Your spell library contained the following spells:

 Spells                   Type           Power        Failure   Level
 Wereblood                Tmut           ##......     9%          2
 Ice Form                 Ice/Tmut       #.......     75%         4
 Blade Hands              Tmut           ##........   83%         5


Dungeon Overview and Level Annotations

Branches:
Dungeon (2/15)

Altars:


Innate Abilities, Weirdness & Mutations

You cannot wear boots.
Your serpentine skin is tough. (AC +1)
You have supernaturally acute eyesight. (SInv)
Armour fits poorly on your strangely shaped body.
Your system is resistant to poisons. (rPois)
You cover ground very slowly.
You can spit poison.


Message History

As you read the scroll labeled ARCHUTR EXUFEAHYS, it crumbles to dust.
The creatures around you are filled with an inner flame!
It was a scroll of immolation.
The gnoll hits you!
* * * LOW HITPOINT WARNING * * *
It was a potion of ambrosia.
You are confused.
You feel invigorated. The gnoll barely misses you.
The gnoll completely misses you.
It was a potion of curing.
You feel better.
You feel less invigorated.
Flame seeps out of the gnoll.
The gnoll hits you from afar with a +1 vorpal halberd.
The gnoll is engulfed in blazing flames.
The gnoll explodes!
The fiery explosion engulfs the gnoll!!!
The gnoll explodes!
The fiery explosion engulfs the gnoll!!
The gnoll explodes!
The fiery explosion engulfs you!!
Ouch! That really hurt!
You die...

≈≈P≈.≈≈≈ #.#
♣≈≈P.P≈≈ #.#
≈PPP.≈≈≈ #.#
≈≈≈P.≈≈P #. #.#
#♣♣≈.P≈≈ #.# #§#
♣≈.≈≈♣ ##.## #§#
♣≈.≈P ##...## #○#
#.....### #@#
♣≈≈.≈≈≈
........########.#
♣≈≈.≈≈≈
.................#
♣≈≈.≈≈≈
.......<##########
♣≈≈.≈≈≈ ###.#####
♣≈.PP≈ #.# ♣≈.≈≈≈
#.# #####≈.≈≈≈ #.#
#.....÷.÷. ###.###
### #####)##...≈≈≈


There were no monsters in sight!

Vanquished Creatures
  3 gnolls
  3 adders (D:2)
  A leopard gecko (D:1)
  An orc (D:2)
  2 giant cockroaches
  9 goblins
  4 hobgoblins (D:1)
  4 jackals (D:1)
  5 kobolds
  A quokka (D:2)
  6 bats
  3 frilled lizards
  5 rats
47 creatures vanquished.

Vanquished Creatures (others)
  5 plants (D:2)
5 creatures vanquished.

Grand Total: 52 creatures vanquished

Notes
Turn   | Place    | Note
-------+----------+-------------------------------------------
     0 | D:1      | kae the Naga Transmuter began the quest for the Orb.
     0 | D:1      | Reached XP level 1. HP: 18/18 MP: 3/3
   498 | D:1      | Reached XP level 2. HP: 25/25 MP: 3/5
   737 | D:1      | Reached XP level 3. HP: 27/31 MP: 4/6
   742 | D:1      | Learned a level 3 spell: Spider Form
  1416 | D:1      | Reached skill level 1 in Poison Magic
  2053 | D:2      | Reached XP level 4. HP: 36/38 MP: 7/7
  2679 | D:2      | Killed from afar by a gnoll

Illustrated notes

Levels and vault maps discovered:
D:1:      dpeg_arrival_windows_large_door, layout_basic, minmay_misc_feat_iff
D:2:      layout_loops_corners, serial_bayou_lagoon_b

Skill      XL: |  1  2  3  4 |
---------------+-------------+-----
Transmutations | 3 |  3.7
Poison Magic   | 1 2 |  2.5
Fighting       | |  1.0
Dodging        | |  1.5
Unarmed Combat | |  3.7
Spellcasting   | |  2.0

Action                   |  1- 3 |  4- 6 || total
-------------------------+-------+-------++-------
Melee: Unarmed           |   109 |    49 ||   158
       Headbutt          |     4 |     2 ||     6
 Cast: Beastly Appendage |    16 |     4 ||    20
       Spider Form       |     1 |       ||     1
 Abil: Spit Poison       |    12 |     2 ||    14
  Use: Potion            |       |     2 ||     2
       Scroll            |       |     1 ||     1
Armor: Robe              |    26 |    17 ||    43
Dodge: Dodged            |    73 |    31 ||   104

Table legend: (Time is in decaauts)
 A = Elapsed time spent in this place.
 B = Non-inter-level travel time spent in this place.
 C = Inter-level travel time spent in this place.
 D = Time resting spent in this place.
 E = Time spent auto-exploring this place.
 F = Levels seen in this place.
 G = Mean time per level.
                   A        B        C        D        E       F      G
               +--------+--------+--------+--------+--------+-----+--------+
         Total |   3134 |   3105 |     29 |      8 |   2747 |   2 | 1567.0 |
       Dungeon |   3134 |   3105 |     29 |      8 |   2747 |   2 | 1567.0 |
               +--------+--------+--------+--------+--------+-----+--------+

Top non-repeatable levels by time:
     D:1: 2068 daAuts
     D:2: 1066 daAuts
